 Dungeon Crawl Stone Soup version 0.15.2 (webtiles) character file.

1463 RottenBandages the Insei (level 8, -4/67 HPs)
             Began as a Mummy Monk on Nov 1, 2015.
             Slain by Prince Ribbit (10 damage)
             ... on Level 6 of the Dungeon.
             The game lasted 00:13:38 (8224 turns).

RottenBandages the Insei (Mummy Monk)               Turns: 8224, Time: 00:13:38

HP  -4/67        AC 10     Str 14      XL: 8   Next: 48%
MP   8/8         EV 12     Int  9      God:
Gold 297         SH  0     Dex 16      Spells:  0 memorised,  7 levels left

rFire  x . .     SeeInvis +       - Unarmed
rCold  + . .     Clarity  .     u - +3 leather armour
rNeg   + + +     rCorr    .     (no shield)
rPois  +         rRot     +     l - -1 helmet of the Abyss {Slay+5}
rElec  .         Spirit   .     n - +1 cloak
SustAb .         Warding  .     m - +1 pair of gloves
rMut   .         Stasis   .     (no boots)
Gourm  .                        (no amulet)
MR     +....                    t - ring of see invisible
                                (no ring)

@: somewhat resistant to hostile enchantments, unstealthy
A: no food or potions, fire vulnerability, restore body, cold resistance 1,
negative energy resistance 3, poison resistance, torment resistance, unbreathing
a: no special abilities


You were on level 6 of the Dungeon.
You were not hungry.

You visited 1 branch of the dungeon, and saw 6 of its levels.

You collected 345 gold pieces.
You spent 48 gold pieces at shops.


Innate Abilities, Weirdness & Mutations

You do not eat or drink.
Your flesh is vulnerable to fire.
Your flesh is cold resistant.
You are immune to negative energy.
Your system is resistant to poisons.
You are immune to unholy pain and torment.
You can survive without breathing.


   Skills:
 - Level 7.2 Fighting
 - Level 2.4 Dodging
 - Level 1.5 Stealth
 + Level 7.7 Unarmed Combat


You had 7 spell levels left.
You didn't know any spells.

Inventory:

Missiles
 p - 50 poisoned needles
 q - 2 poisoned javelins (quivered)
Armour
 a - a +0 robe
 l - the -1 helmet of the Abyss (worn) {Slay+5}
   (You found it on level 5 of the Dungeon)

   It affects your accuracy and damage with ranged weapons and melee attacks
   (+5).
 m - a +1 pair of gloves (worn)
 n - a +1 cloak (worn)
 u - a +3 leather armour (worn)
Scrolls
 b - a scroll of remove curse
 c - a scroll of vulnerability {unknown}
 d - 2 scrolls of fear
 e - a scroll of noise {!r}
 f - a scroll of enchant weapon
 g - 2 scrolls of blinking
 h - a scroll of magic mapping
 i - 2 scrolls of teleportation {@r4}
 k - 2 scrolls of immolation {!r}
 o - 3 scrolls of fog
Jewellery
 j - an uncursed ring of teleportation
 t - a ring of see invisible (right hand)

Dungeon Overview and Level Annotations

Branches:
Dungeon (6/15)             Temple (0/1) D:6

Altars:
Cheibriados
Kikubaaqudgha
Makhleb
Okawaru
Qazlal
Sif Muna
Trog
The Shining One

Shops:
D:4 *

Annotations:
D:4 exclusion: downstairs
D:6 Prince Ribbit

. #.#....F# #.#.#...#
#.#.###.# #.#.# #.#
#####.#.###)#
#...........#
#.###.#.##### #F#(#
#M#.# #.#.# #
############.#.# .#
#.=..........#.##
#.###.############[.##
..............# #...#
..##...######.# ##.##
...#<..######.## #.#
...............# #%#


You could see Prince Ribbit.


Message History

Prince Ribbit lets out a mournful croak.
Prince Ribbit barely misses you.
Prince Ribbit is heavily wounded.
Prince Ribbit hits you.
* * * LOW HITPOINT WARNING * * *
Prince Ribbit misses you.
Prince Ribbit is heavily wounded.
Prince Ribbit barely misses you.
Prince Ribbit is heavily wounded.
Prince Ribbit misses you.
You hit Prince Ribbit.
Prince Ribbit is severely wounded.
Prince Ribbit hits you!
* * * LOW HITPOINT WARNING * * *
You are too injured to fight recklessly!
You are too injured to fight recklessly!
Prince Ribbit hits you!
* * * LOW HITPOINT WARNING * * *
Prince Ribbit blinks!
You now have 297 gold pieces (gained 12).
You see here a flail.
You see here 18 bolts.
Prince Ribbit blinks!
Prince Ribbit hits you but does no damage.
Prince Ribbit barely misses you.
You see here 18 bolts.
Prince Ribbit hits you.
* * * LOW HITPOINT WARNING * * *
Prince Ribbit hits you!
You die...

Action                   |  1- 3 |  4- 6 |  7- 9 || total
-------------------------+-------+-------+-------++-------
Melee: Unarmed           |   160 |   202 |   253 ||   615
Throw: Javelin           |       |     4 |     2 ||     6
  Use: Scroll            |       |     7 |     7 ||    14
 Stab: Sleeping          |       |       |     1 ||     1

Vault maps used:
D:1:      evilmike_arrival_crescent, minmay_cupped
D:2:      bloody_makhleb, gammafunk_temple_overflow_pools, old_standard_altar,
          first_bread
D:3:      nrook_mini_vaults, okawaru_trees_2
D:4:      lemuel_coloured_pillars_altar, bloody_trog, kiku_gazebo_garden_becter,
          serial_shops, nicolae_shop_competitors_out_of_business,
          minmay_splitting_lines, dk_noncrumbling_3, chei_beetle_safe_becter
D:5:      kennysheep_generic_room_8, uniq_edmund, uniq_blork_the_orc
D:6:      temple_statues, basic_altar, uniq_prince_ribbit1

Notes
Turn   | Place    | Note
--------------------------------------------------------------
     0 | D:1      | RottenBandages, the Mummy Monk, began the quest for the Orb.
     0 | D:1      | Reached XP level 1. HP: 18/18 MP: 1/1
   400 | D:1      | Reached XP level 2. HP: 24/24 MP: 2/2
  1140 | D:2      | Reached skill level 4 in Unarmed Combat
  1147 | D:2      | Found a deep blue altar of Sif Muna.
  1213 | D:2      | Reached XP level 3. HP: 21/29 MP: 3/3
  1267 | D:2      | Found a burning altar of Makhleb.
  1591 | D:2      | Found a glowing golden altar of the Shining One.
  1591 | D:2      | Found a stormy altar of Qazlal.
  1789 | D:3      | Found an iron altar of Okawaru.
  2152 | D:3      | Reached XP level 4. HP: 33/35 MP: 4/4
  2804 | D:4      | Found a bloodstained altar of Trog.
  2805 | D:4      | Noticed an ogre
  2955 | D:2      | Killed an ogre
  2955 | D:2      | Reached skill level 5 in Unarmed Combat
  2955 | D:2      | Reached XP level 5. HP: 10/41 MP: 5/5
  3312 | D:4      | HP: 4/41 [orc/trident of flaming (2)]
  3339 | D:3      | HP: 4/41 [orc (3)]
  3655 | D:4      | Noticed a phantom
  4182 | D:3      | Killed a phantom
  4182 | D:3      | Reached skill level 6 in Unarmed Combat
  4182 | D:3      | Reached XP level 6. HP: 30/47 MP: 6/6
  4514 | D:4      | Found an ancient bone altar of Kikubaaqudgha.
  4626 | D:4      | Noticed an ogre
  4638 | D:4      | Killed an ogre
  4638 | D:4      | Reached skill level 4 in Fighting
  4650 | D:4      | Noticed nowai's ghost (weakling OpWz)
  4666 | D:4      | Killed nowai's ghost
  4701 | D:4      | Found Lewaif's General Store.
  4704 | D:4      | Bought 2 scrolls of fog for 48 gold pieces
  4776 | D:4      | Found an iron altar of Okawaru.
  5071 | D:4      | Reached XP level 7. HP: 55/55 MP: 7/7
  5415 | D:4      | Found a snail-covered altar of Cheibriados.
  5569 | D:4      | Reached skill level 5 in Fighting
  5806 | D:5      | Entered Level 5 of the Dungeon
  5806 | D:5      | Noticed Blork the orc
  6138 | D:4      | Killed Blork the orc
  6604 | D:5      | Reached skill level 6 in Fighting
  6612 | D:5      | Got a faintly humming helmet
  6618 | D:5      | Identified the cursed -1 helmet of the Abyss {Slay+5} (You found it on level 5 of the Dungeon)
  6678 | D:5      | Noticed Edmund
  6722 | D:5      | HP: 4/58 [Edmund/runed flail (3)]
  6791 | D:5      | Killed Edmund
  7247 | D:5      | Reached skill level 7 in Fighting
  7446 | D:6      | Reached XP level 8. HP: 59/67 MP: 8/8
  7515 | D:6      | Found a deep blue altar of Sif Muna.
  7622 | D:6      | Found a staircase to the Ecumenical Temple.
  7721 | D:6      | Reached skill level 7 in Unarmed Combat
  8178 | D:6      | Noticed Prince Ribbit
  8202 | D:6      | HP: 4/67 [Prince Ribbit (7)]
  8221 | D:6      | HP: 6/67 [Prince Ribbit (2)]
  8224 | D:6      | Slain by Prince Ribbit

Vanquished Creatures
  Edmund (D:5)
  4 ogres
  2 phantoms
  A centaur (D:6)
  Blork the orc (D:4)
  A giant frog (D:6)
  A hippogriff zombie (D:5)
  The ghost of nowai the Ruinous, a weakling OpWz (D:4)
  A goliath beetle (D:4)
  2 hounds
  An orc priest (D:4)
  An iguana (D:6)
  2 orc wizards
  5 worker ants
  An ogre skeleton (D:6)
  A worker ant zombie (D:6)
  A gnoll zombie (D:5)
  10 adders
  A worm (D:5)
  2 giant geckos
  23 orcs
  A giant cockroach (D:3)
  10 goblins
  8 hobgoblins
  3 jackals (D:2)
  A ball python (D:3)
  7 bats
  A giant gecko skeleton (D:5)
  4 giant newts
  A giant newt skeleton (D:5)
  15 kobolds
  A kobold skeleton (D:6)
  A kobold zombie (D:5)
  2 orc skeletons
  3 quokkas
  7 rats
128 creatures vanquished.
